cohdb
Replays
Latest Replays
All Replays
Popular Replays
Top Player Replays
Match Explorer
How It Works
Community
CoH3 Stats
Reddit
Sign in to upload your games and track your stats! →
Sign in with Steam
Match 47256039
Unlisted
Match 47256039
Overview
Messages
Build Orders
End
Panzergrenadier Squad
Selects Italian Infantry
Kradschützen Motorcycle Team
Panzergrenadier Squad
250 Light Carrier
Construct Light Support Kompanie
MG34 Team
Selects Guastatori Squad
Selects L6/40 Light Tank Combat Group
L6/40 Light Tank Combat Group
Guastatori Squad
Panzerjäger Mechanized Group
Fire Support Elements
2.5-tonne Medical Truck
Selects Defensive Operations
Construct Panzerarmee Kommand
Selects Prepared Positions
Panzer III L Medium Tank
Kensaku
L'Orange Décérébrée
Philippou
VinCo-CN
6block
MrLoser ★
SSS
Good day
0
0
Comments
sign in to comment!
No comments posted yet!